 Dungeon Crawl Stone Soup version 0.29-a0-557-g43b9904bd1 (webtiles) character file.

Game seed: 272315143254570185

21 Hubjo the Insei (level 2, 0/22 HPs)
             Began as a Demonspawn Transmuter on June 8, 2022.
             Was a Follower of Uskayaw.
             Slain by a kobold
             ... wielding a +0 dagger
              (1 damage)
             ... on level 1 of the Dungeon.
             The game lasted 00:01:20 (770 turns).

Hubjo the Insei (Demonspawn Transmuter)              Turns: 770, Time: 00:01:21

Health: 0/22       AC:  2    Str: 10    XL:     2   Next: 62%
Magic:  4/5        EV: 12    Int: 14    God:    Uskayaw [*.....]
Gold:   29         SH:  0    Dex: 13    Spells: 4/5 levels left

rFire   . . .      SeeInvis .     - Unarmed
rCold   . . .      Faith    .   (no shield)
rNeg    . . .      Spirit   .   a - +0 robe
rPois   .          Reflect  .   (no helmet)
rElec   .          Harm     .   (no cloak)
rCorr   .          Rampage  .   (no gloves)
Will    .....                   (no boots)
Stlth   +.........              (no amulet)
HPRegen 0.07/turn               (no ring)
MPRegen 0.09/turn               (no ring)

@: no status effects
A: demonic touch 1
a: Renounce Religion, Stomp


You were on level 1 of the Dungeon.
You worshipped Uskayaw.
Uskayaw was noncommittal.
You visited 1 branch of the dungeon, and saw 1 of its levels.

You collected 29 gold pieces.

Inventory:

Armour
 a - a +0 robe (worn)
Scrolls
 d - a scroll of teleportation {unknown}
 e - a scroll of amnesia {unknown}
Potions
 b - a potion of lignification
 c - a potion of attraction {unknown}
 f - a potion of haste {unknown}


   Skills:
 * Level 1.7 Fighting
 - Level 1.7 Dodging
 + Level 0.6 Stealth
 + Level 2.9 Unarmed Combat
 + Level 2.1 Spellcasting
 + Level 2.0 Transmutations


You had 4 spell levels left.
You knew the following spells:

 Your Spells              Type           Power      Damage    Failure   Level
a - Beastly Appendage     Tmut           14%        N/A       11%         1

Your spell library contained the following spells:

 Spells                   Type           Power      Damage    Failure   Level
 Wereblood                Tmut           7%         N/A       16%         2
 Spider Form              Tmut/Pois      4%         N/A       43%         3
 Ice Form                 Ice/Tmut       4%         N/A       83%         4


Dungeon Overview and Level Annotations

Branches:
Dungeon (1/15)

Altars:
Uskayaw


Innate Abilities, Weirdness & Mutations

Your touch may inflict minor irresistible damage on your foes.


Message History

a +0 dagger; a goblin corpse
There is an open door here.
Key pressed, stopping explore.
Unknown command.
Unknown command.
A kobold comes into view. It is wielding a +0 dagger.
The kobold shouts!
A kobold is nearby!
You grow a pair of large bovine horns.
Your feet morph into talons.
Your transformation is almost over.
The kobold completely misses you.
You extend your transformation's duration.
The kobold hits you with a +0 dagger. The kobold hits you with a +0 dagger.
The kobold hits you with a +0 dagger.
You extend your transformation's duration.
The kobold barely misses you. The kobold barely misses you.
The kobold hits you with a +0 dagger. The kobold hits you with a +0 dagger.
The kobold hits you with a +0 dagger. The kobold hits you with a +0 dagger.
Your transformation is almost over.
The kobold misses you. The kobold misses you. The kobold barely misses you.
The kobold closely misses you. The kobold hits you with a +0 dagger.
The kobold barely misses you. The kobold hits you with a +0 dagger.
The kobold hits you with a +0 dagger.
* * * LOW HITPOINT WARNING * * *
The kobold barely misses you. The kobold barely misses you.
Your horns disappear.
Your talons disappear.
The kobold hits you with a +0 dagger.
* * * LOW HITPOINT WARNING * * *
The kobold closely misses you. The kobold hits you with a +0 dagger.
You die...

.......#.#### ###......#........#
........## ###.#..#........#
######.## ####........†....# #.#
#...)....).....†.. #.#
#.###..(.........# #.#########.#
##.##........# ######.##........#
#.##......... ..........#####..#
#.##.#######. ####...##.# #.@#
#.##.# #. ..8#..†##.#
#..K....##.# #. ##.#P..#..#
###...##### #. 4#.'...#..### §§○#
##### #. ##.#P..#....# ☼§○#
#...####. ).8#...#.#### §☼§#
##......>
####......#######...######..#####
......##...#.☼§§..)$..§§.#..#
##.####......§§°...?.§☼.....#


You could see a kobold.

Vanquished Creatures
  4 bats (D:1)
  3 endoplasms (D:1)
  6 goblins (D:1)
  2 hobgoblins (D:1)
  A quokka (D:1)
  A frilled lizard (D:1)
  A kobold (D:1)
  A rat (D:1)
19 creatures vanquished.

Vanquished Creatures (others)
  A dart slug (D:1)
  A goblin (D:1)
  A bat (D:1)
3 creatures vanquished.

Grand Total: 22 creatures vanquished

Notes
Turn   | Place    | Note
-------+----------+-------------------------------------------
     0 | D:1      | Hubjo the Demonspawn Transmuter began the quest for the
                  | Orb.
     0 | D:1      | Reached XP level 1. HP: 15/15 MP: 3/3
   253 | D:1      | Gained mutation: Your touch may inflict minor irresistible
                  | damage on your foes. [demonic ancestry]
   253 | D:1      | Reached XP level 2. HP: 17/21 MP: 3/5
   698 | D:1      | Found a faded altar of an unknown god.
   698 | D:1      | Noticed a chaos spawn
   708 | D:1      | Prayed at the altar of an unknown god.
   708 | D:1      | Became a worshipper of Uskayaw the Reveller
   708 | D:1      | Reached * piety under Uskayaw
   768 | D:1      | HP: 1/22 [kobold/+0 dagger (4)]
   770 | D:1      | Slain by a kobold

Illustrated notes

Levels and vault maps discovered:
D:1:      lightli_arrival_statue_moat, layout_loops_ring,
          dreamdust_ecumenical_altar_sealed_demon, lemuel_flame_loot_1

Skill      XL: |  1  2 |
---------------+-------+-----
Transmutations | 2 |  2.0
Fighting       | |  1.7
Dodging        | |  1.7
Stealth        | |  0.6
Unarmed Combat | |  2.9
Spellcasting   | |  2.1

Action                   || total
-------------------------++-------
Melee: Unarmed           ||    42
       Kick              ||     6
       Headbutt          ||     5
 Cast: Beastly Appendage ||    15
 Stab: Sleeping          ||     1
Armor: Robe              ||     7
Dodge: Dodged            ||    36

Table legend: (Time is in decaauts)
 A = Elapsed time spent in this place.
 B = Non-inter-level travel time spent in this place.
 C = Inter-level travel time spent in this place.
 D = Time resting spent in this place.
 E = Time spent auto-exploring this place.
 F = Levels seen in this place.
 G = Mean time per level.
                   A        B        C        D        E       F      G
               +--------+--------+--------+--------+--------+-----+--------+
         Total |    768 |    768 |      0 |      0 |    559 |   1 |  768.0 |
       Dungeon |    768 |    768 |      0 |      0 |    559 |   1 |  768.0 |
               +--------+--------+--------+--------+--------+-----+--------+

Top non-repeatable levels by time:
     D:1: 768 daAuts
